 Dungeon Crawl Stone Soup version 0.27-a0-1256-gced786f65e (webtiles) character file.

Game seed: 13536587004901589388

9 spiderkeys the Conjurer (level 2, -1/17 HPs)
             Began as an Octopode Conjurer on June 11, 2021.
             Slain by a gnoll
             ... wielding a +0 club
              (6 damage)
             ... on level 1 of the Dungeon.
             The game lasted 00:01:55 (713 turns).

spiderkeys the Conjurer (Octopode Conjurer)          Turns: 713, Time: 00:01:55

Health: -1/17      AC:  1    Str:  6    XL:     2   Next: 12%
Magic:  1/5        EV: 13    Int: 20    God:
Gold:   29         SH:  0    Dex: 10    Spells: 4/5 levels left

rFire    . . .     SeeInvis .   g - +1 dagger (elec)
rCold    . . .     Faith    .   (no shield)
rNeg     . . .     Spirit   .   (helmet restricted)
rPois    .         Reflect  .   (no amulet)
rElec    .         Harm     .   (no ring)
rCorr    .         Rampage  .   (no ring)
Will     .....                  (no ring)
Stlth    +++.......             (no ring)
HPRegen  0.05/turn              (no ring)
MPRegen  0.09/turn              (no ring)
                                (no ring)
                                (no ring)

@: no status effects
A: almost no armour, amphibious, 8 rings, camouflage 1, gelatinous body 1,
(nimble swimmer 1), tentacles
a: no special abilities


You were on level 1 of the Dungeon.
You visited 1 branch of the dungeon, and saw 1 of its levels.

You collected 29 gold pieces.


Innate Abilities, Weirdness & Mutations

You cannot wear most types of armour.
You are amphibious.
You can wear up to eight rings at the same time.
Your skin changes colour to match your surroundings (Stealth+).
Your rubbery body absorbs attacks. (AC +1, EV +1)
((You are camouflaged near water. (Stealth+)))
You have tentacles for arms and can constrict up to eight enemies at once.


   Skills:
 - Level 2.0 Dodging
 - Level 2.6 Stealth
 + Level 2.2 Spellcasting
 * Level 4.3 Conjurations


You had 4 spell levels left.
You knew the following spells:

 Your Spells              Type           Power      Damage    Failure   Level
m - Magic Dart            Conj           76%        1d6       2%          1

Your spell library contained the following spells:

 Spells                   Type           Power      Damage    Failure   Level
 Searing Ray              Conj           38%        3d4       4%          2
 Dazzling Flash           Conj/Hex       20%        N/A       19%         3
 Fulminant Prism          Conj/Hex       5%         3d7       54%         4
 Iskenderun's Mystic Bla  Conj/Tloc      10%        2d4       54%         4

Inventory:

Hand Weapons
 g - a +1 dagger of electrocution (weapon)
   (You took it off a goblin on level 1 of the Dungeon)
 h - a +1 dagger of venom
   (You found it on level 1 of the Dungeon)
Missiles
 b - 16 stones
 c - 8 arrows
 e - 14 poisoned darts
Scrolls
 a - 2 scrolls of amnesia {unknown}
 f - a scroll of identify {unknown}
Potions
 d - a potion of cancellation {unknown}

Dungeon Overview and Level Annotations

Branches:
Dungeon (1/15)

Altars:

Shops:
D:1

* .....J#.โˆฉ.#.......
..##+..........# # #.####..โ€
...# #. ##.....# .. #..J..# ###
#.....#### ########'#.#..#
#........#lg..# #.....#..###@.#.
############
#.....#.........#............
#.....#.#########............
#..โ€ ..#.........+>...........
#.....###....####............
#.....#.+....'...............
#.....#.#....###.............
#####.....#.########.............
....'.....#.# #...........รท.####


You could see a gnoll, an endoplasm and a frilled lizard.


Message History

Your hp is fully restored (17).
Your mp is fully restored (5).
There is an open door here.
A quokka and a kobold come into view.
The kobold is wielding a +3 short sword of freezing.
Casting: Magic Dart (safe; 2% risk of failure)
Confirm with . or Enter, or press ? or * to list all spells.
Aiming: Magic Dart (safe; 2% risk of failure)
Press: ? - help, Shift-Dir - straight line, f - kobold
Aim: a kobold, wielding a +3 short sword of freezing (asleep, 100% to hit)
The magic dart hits the kobold.
You kill the kobold! ๐Ÿ˜Ž MP[-1]
You lost 1 mp, and now have 4/5 mp.
Casting: Magic Dart (safe; 2% risk of failure)
Confirm with . or Enter, or press ? or * to list all spells.
Aiming: Magic Dart (safe; 2% risk of failure)
Press: ? - help, Shift-Dir - straight line, f - quokka
Aim: a quokka (asleep, 100% to hit)
The magic dart hits the quokka but does no damage. ๐Ÿ˜Ž MP[-1]
You lost 1 mp, and now have 3/5 mp.
Casting: Magic Dart (safe; 2% risk of failure)
Confirm with . or Enter, or press ? or * to list all spells.
Aiming: Magic Dart (safe; 2% risk of failure)
Press: ? - help, Shift-Dir - straight line, f/p - quokka
Aim: a quokka (100% to hit)
The magic dart hits the quokka but does no damage. ๐Ÿ˜Ž MP[-1]
You lost 1 mp, and now have 2/5 mp.
The quokka closely misses you.
You closely miss the quokka. You grab the quokka.
You constrict the quokka, but do no damage.
The quokka misses you.
You hit the quokka but do no damage. Lightning courses through the quokka!
You kill the quokka!
No target in view!
There is an entrance to Xobb's Assorted Antiques here. ๐Ÿ˜Ž MP[+3]
Your mp is fully restored (5).
You can access your shopping list by pressing '$'.
A gnoll comes into view. It is wielding a +0 club.
The magic dart hits the gnoll.
The gnoll shouts!
You hear an angry hiss.
A frilled lizard comes into view. ๐Ÿ˜Ž MP[-1]
You lost 1 mp, and now have 4/5 mp.
Casting: Magic Dart (safe; 2% risk of failure)
Confirm with . or Enter, or press ? or * to list all spells.
Aiming: Magic Dart (safe; 2% risk of failure)
Press: ? - help, Shift-Dir - straight line, f/p - gnoll
Aim: a gnoll, wielding a +0 club (lightly wounded, 100% to hit)
The magic dart hits the gnoll. ๐Ÿ˜Ž MP[-1]
You lost 1 mp, and now have 3/5 mp.
You barely miss the gnoll. You grab the gnoll.
You constrict the gnoll, but do no damage.
The gnoll hits you with a +0 club. ๐Ÿ˜• HP[-3]
You take 3 damage, and now have 14/17 hp.
You hit the gnoll. You constrict the gnoll.
An endoplasm comes into view.
The gnoll hits you with a +0 club. ๐Ÿ˜ฎ HP[-5]
You take 5 damage, and now have 9/17 hp.
MASSIVE DAMAGE!! (PAUSE)
The endoplasm quivers.
You hit the gnoll.
You constrict the gnoll, but do no damage.
The gnoll hits you with a +0 club.
* * * LOW HITPOINT WARNING * * *
๐Ÿ˜ฑ HP[-5]
You take 5 damage, and now have 4/17 hp.
MASSIVE DAMAGE!! (PAUSE)
You release your grip on the gnoll.
There is an entrance to Xobb's Assorted Antiques here. ๐Ÿ˜จ HP[+1] MP[+1]
Casting: Magic Dart (safe; 2% risk of failure)
Confirm with . or Enter, or press ? or * to list all spells.
Aiming: Magic Dart (safe; 2% risk of failure)
Press: ? - help, Shift-Dir - straight line, f/p - gnoll
Aim: a gnoll, wielding a +0 club (severely wounded, 100% to hit)
The magic dart hits the gnoll.
The gnoll barely misses you. ๐Ÿ˜จ MP[-1]
You lost 1 mp, and now have 3/5 mp.
Casting: Magic Dart (safe; 2% risk of failure)
Confirm with . or Enter, or press ? or * to list all spells.
Aiming: Magic Dart (safe; 2% risk of failure)
Press: ? - help, Shift-Dir - straight line, f/p - gnoll
Aim: a gnoll, wielding a +0 club (severely wounded, 100% to hit)
The magic dart hits the gnoll.
The gnoll closely misses you. ๐Ÿ˜จ MP[-1]
You lost 1 mp, and now have 2/5 mp.
Casting: Magic Dart (safe; 2% risk of failure)
Confirm with . or Enter, or press ? or * to list all spells.
Aiming: Magic Dart (safe; 2% risk of failure)
Press: ? - help, Shift-Dir - straight line, f/p - gnoll
Aim: a gnoll, wielding a +0 club (almost dead, 100% to hit)
The magic dart hits the gnoll but does no damage.
The gnoll hits you with a +0 club.
You die...

Action                   || total
-------------------------++-------
Melee: Unarmed           ||     9
       Dagger            ||    11
       Constrict         ||     6
       Tentacles         ||     1
 Cast: Magic Dart        ||    19
Armor: Skin              ||     1
Dodge: Dodged            ||    21

Levels and vault maps discovered:
D:1:      sevenhm_arrival_forest_fort_small_6, layout_basic,
          ebering_ecumenical_altar_mist, serial_shops, nicolae_shop_stone,
          chequers_serial_rivers_micro_c, amcnicky_mini_pool_small

Notes
Turn   | Place    | Note
-------+----------+-------------------------------------------
     0 | D:1      | spiderkeys the Octopode Conjurer began the quest for the
                  | Orb.
     0 | D:1      | Reached XP level 1. HP: 11/11 MP: 3/3
     0 | D:1      | magus.rc [v1.9.10]
   537 | D:1      | Reached XP level 2. HP: 12/17 MP: 3/5
   654 | D:1      | Found Xobb's Assorted Antiques.
   700 | D:1      | HP: 4/17 [gnoll/+0 club (5)]
   713 | D:1      | Slain by a gnoll

Vanquished Creatures
  2 bats (D:1)
  A giant cockroach (D:1)
  A goblin (D:1)
  A hobgoblin (D:1)
  A quokka (D:1)
  A ball python (D:1)
  A kobold (D:1)
8 creatures vanquished.

Table legend:
 A = Non-vault XP
 B = Vault XP
 C = Vault XP percentage of total XP
 D = Non-vault monster count
 E = Vault monster count
 F = Vault count percentage of total count
                 A         B        C        D         E       F
            +---------+---------+-------+---------+---------+-------
      Total |      13 |       0 |   0.0 |       8 |       0 |   0.0
            +---------+---------+-------+---------+---------+-------
        D:1 |      13 |       0 |   0.0 |       8 |       0 |   0.0
            +---------+---------+-------+---------+---------+-------

Illustrated notes

Table legend:
 A = Kills in this place as a percentage of kills in entire the game.
 B = Kills by you in this place as a percentage of kills by you in the entire game.
 C = Kills by friends in this place as a percentage of kills by friends in the entire game.
 D = Other kills in this place as a percentage of other kills in the entire game.
 E = Experience gained in this place as a percentage of experience gained in the entire game.
 F = Experience gained in this place divided by the number of levels of this place that you have seen.
                   A       B       C       D       E      F
               +-------+-------+-------+-------+-------+----------------------
         Total | 100.0 | 100.0 |   N/A |   N/A | 100.0 |  13.0
       Dungeon | 100.0 | 100.0 |   N/A |   N/A | 100.0 |  13.0
               +-------+-------+-------+-------+-------+----------------------

Table legend: (Time is in decaauts)
 A = Elapsed time spent in this place.
 B = Non-inter-level travel time spent in this place.
 C = Inter-level travel time spent in this place.
 D = Time resting spent in this place.
 E = Time spent auto-exploring this place.
 F = Levels seen in this place.
 G = Mean time per level.
                   A        B        C        D        E       F      G
               +--------+--------+--------+--------+--------+-----+--------+
         Total |    712 |    712 |      0 |    199 |    380 |   1 |  712.0 |
       Dungeon |    712 |    712 |      0 |    199 |    380 |   1 |  712.0 |
               +--------+--------+--------+--------+--------+-----+--------+

Top non-repeatable levels by time:
     D:1: 712 daAuts
